 Dungeon Crawl Stone Soup version 0.26.1-11-gd32895ea62 (webtiles) character file.

Game seed: 17268188522312548073

5531 mk2021 the Magician (level 10, 0/79 HPs)
             Began as a Gnoll Wanderer on Apr 17, 2021.
             Was a High Priest of Okawaru.
             Slain by Urug
             ... wielding a +2 eveningstar
              (6 damage)
             ... on level 10 of the Dungeon.
             The game lasted 00:47:39 (11629 turns).

mk2021 the Magician (Gnoll Wanderer)               Turns: 11629, Time: 00:47:40

Health: 0/79       AC: 22    Str: 21    XL:     10   Next: 71%
Magic:  17/21      EV:  8    Int: 17    God:    Okawaru [*****.]
Gold:   386        SH:  5    Dex: 12    Spells: 11/24 levels left

rFire    + + .     SeeInvis .   d - +4 war axe
rCold    . . .     Faith    .   m - +0 buckler
rNeg     . . .     Spirit   .   X - +1 plate armour {rF+}
rPois    .         Reflect  .   (no helmet)
rElec    .         Harm     .   f - +0 cloak
rCorr    .         Rampage  .   R - +2 pair of gloves {Str+3}
Will     .....                  (no boots)
Stlth    ..........             N - amulet of the acrobat
HPRegen  0.23/turn              t - +4 ring of protection
MPRegen  0.17/turn              K - ring of protection from fire

@: about to teleport, finesse
A: distributed training, fangs 1, strong nose
a: Renounce Religion, Heroism, Finesse


You were on level 10 of the Dungeon.
You worshipped Okawaru.
Okawaru was extremely pleased with you.
You visited 1 branch of the dungeon, and saw 10 of its levels.

You collected 696 gold pieces.
You spent 310 gold pieces at shops.

Inventory:

Hand Weapons
 a - a +2 dagger of speed
 d - a +4 war axe (weapon)
 i - a +4 dagger of freezing
 B - a +0 trident
 W - a +0 hand crossbow
Missiles
 n - 4 javelins (quivered)
 x - 6 atropa-tipped darts
 I - 2 boomerangs
Armour
 f - a +0 cloak (worn)
 m - a +0 buckler (worn)
 s - +0 steam dragon scales
 R - a +2 pair of gloves of strength (worn)
 X - a +1 plate armour of fire resistance (worn)
Jewellery
 t - a +4 ring of protection (left hand)
 F - an uncursed ring of see invisible
 G - a +6 ring of intelligence
 H - an uncursed ring of resist corrosion
 J - a +6 ring of intelligence
 K - a ring of protection from fire (right hand)
 N - an amulet of the acrobat (around neck)
Wands
 u - a wand of iceblast (6)
Scrolls
 c - a scroll of teleportation
 e - 3 scrolls of enchant weapon
 h - a scroll of random uselessness
 k - 5 scrolls of fog
 l - 5 scrolls of remove curse
 w - 2 scrolls of amnesia
 M - a scroll of fear {unknown}
 U - 2 scrolls of blinking {unknown}
Potions
 b - 3 potions of lignification
 j - a potion of brilliance
 o - a potion of attraction
 p - 2 potions of flight
 q - a potion of might
 r - 2 potions of ambrosia
 v - 3 potions of resistance
 D - 8 potions of curing
 L - 2 potions of heal wounds
 Q - 2 potions of invisibility
 S - 3 potions of haste
 T - a potion of cancellation
 V - a potion of magic


   Skills:
 + Level 7.2 Fighting
 + Level 5.5 Short Blades
 + Level 5.5 Long Blades
 + Level 5.5 Axes
 + Level 5.5 Maces & Flails
 + Level 5.5 Polearms
 + Level 5.5 Staves
 + Level 5.5 Slings
 + Level 5.5 Bows
 + Level 5.5 Crossbows
 + Level 6.1 Throwing
 + Level 5.5 Armour
 + Level 5.5 Dodging
 + Level 5.5 Stealth
 + Level 5.5 Shields
 + Level 6.1 Unarmed Combat
 + Level 7.5 Spellcasting
 + Level 4.5 Conjurations
 + Level 6.0 Hexes
 + Level 4.5 Summonings
 + Level 4.5 Necromancy
 + Level 4.5 Translocations
 + Level 4.5 Transmutations
 + Level 4.5 Fire Magic
 + Level 4.5 Ice Magic
 + Level 4.5 Air Magic
 + Level 4.5 Earth Magic
 + Level 5.1 Poison Magic
 + Level 6.1 Invocations
 + Level 6.1 Evocations


You had 11 spell levels left.
You knew the following spells:

 Your Spells              Type           Power        Failure   Level
a - Magic Dart            Conj           84%          36%         1
b - Slow                  Hex            27%          30%         2
c - Blink                 Tloc           N/A          50%         2
d - Call Imp              Summ           21%          50%         2
e - Mephitic Cloud        Conj/Pois/Air  22%          71%         3
f - Conjure Flame         Conj/Fire      21%          73%         3

Your spell library contained the following spells:

 Spells                   Type           Power        Failure   Level


Dungeon Overview and Level Annotations

Branches:
Dungeon (10/15)            Temple (0/1) D:4
   Lair: D:8-11         Orc: D:9-12

Altars:
Gozag
Kikubaaqudgha
Makhleb
Okawaru
Ru
Sif Muna
Zin

Shops:
D:4 [   D:5 ?

Annotations:
D:4 2 transporters
D:10 Urug


Innate Abilities, Weirdness & Mutations

Your experience applies equally to all skills.
You have very sharp teeth.
Your uncanny sense of smell can sniff out nearby items.


Message History

Urug squints and says, "You're the ugliest harpy I ever saw."
Urug hits you with a +2 eveningstar!
* * * LOW HITPOINT WARNING * * *
The centaur warrior zombie misses you.
You slash Urug!
Urug is moderately wounded.
You hit the centaur warrior zombie. You closely miss Urug.
You bite Urug, but do no damage.
Urug is moderately wounded.
You hit the centaur warrior zombie.
The centaur warrior zombie hits you but does no damage.
Urug grins and says, "Time to carve some turkeys."
Urug hits you with a +2 eveningstar!
* * * LOW HITPOINT WARNING * * *
Okay, then.
As you read the scroll of teleportation, it crumbles to dust.
You feel strangely unstable.
The centaur warrior zombie barely misses you.
Urug hits you with a +2 eveningstar.
You die...

#####.<.... ............
............ #...........#
#####....... #...........#
#....... #...........#
+....... #...........#∆
#.......
#...........##########.......
#............o...............
#........(.Z@...........#####
####.....(.............#
#.((.(..............#
##(###########+###..##
#..#.............#..#
#..'.............#..#
#..#...........###..#
#..#.....<.....#....#
#..#...........#....#


You could see Urug and a centaur warrior zombie.

Vanquished Creatures
  A two-headed ogre (D:9)
  A yak (D:8)
  A steam dragon (D:10)
  2 wyverns (D:10)
  4 phantoms
  2 orc warriors (D:7)
  An ice beast (D:5)
  A sky beast (D:6)
  A black bear (D:8)
  2 necrophages (D:7)
  5 ogres
  7 centaurs
  A big kobold (D:7)
  4 bullfrogs
  A gnoll sergeant (D:8)
  7 scorpions
  2 howler monkeys
  A bullfrog zombie (D:5)
  3 centaur zombies
  A jelly (D:6)
  An orc priest (D:5)
  9 hounds
  Jessica (D:5)
  A bullfrog skeleton (D:4)
  2 orc wizards
  9 worker ants
  Natasha (D:2)
  2 killer bee zombies
  A hound skeleton (D:7)
  9 gnolls
  12 adders
  4 shadow imps
  A white imp (D:8)
  4 ufetubi
  An ooze (D:2)
  2 adder skeletons
  2 adder zombies
  2 dart slugs
  3 worms
  3 leopard geckos
  30 orcs
  4 ball pythons
  8 giant cockroaches
  4 goblins
  5 hobgoblins
  10 jackals
  4 quokkas
  8 bats
  6 frilled lizards
  13 kobolds
  A quokka zombie (D:9)
  5 rats
216 creatures vanquished.

Vanquished Creatures (others)
  An ice beast (D:6)
  3 plants (D:1)
  2 withered plants (D:6)
6 creatures vanquished.

Grand Total: 222 creatures vanquished

Notes
Turn   | Place    | Note
-------+----------+-------------------------------------------
     0 | D:1      | mk2021 the Gnoll Wanderer began the quest for the Orb.
     0 | D:1      | mk2021 set off with the following items: a +0 club, a
                  | potion of lignification, a scroll of teleportation, a +0
                  | robe; and the following spell memorised: Magic Dart; and
                  | the following spells available to memorise: Slow, Blink,
                  | Call Imp, Mephitic Cloud, Conjure Flame
     0 | D:1      | Reached XP level 1. HP: 20/20 MP: 6/6
   161 | D:1      | Reached XP level 2. HP: 22/26 MP: 7/7
   164 | D:1      | Learned a level 2 spell: Slow
   167 | D:1      | Learned a level 2 spell: Blink
   170 | D:1      | Learned a level 2 spell: Call Imp
  1104 | D:2      | Noticed Natasha
  1254 | D:2      | Reached XP level 3. HP: 31/31 MP: 9/9
  1268 | D:2      | Reached skill level 5 in Spellcasting
  1569 | D:2      | Reached skill level 1 in Invocations
  1839 | D:3      | Reached skill level 1 in Short Blades
  1839 | D:3      | Reached skill level 1 in Long Blades
  1839 | D:3      | Reached skill level 1 in Axes
  1839 | D:3      | Reached skill level 1 in Maces & Flails
  1839 | D:3      | Reached skill level 1 in Polearms
  1839 | D:3      | Reached skill level 1 in Staves
  1839 | D:3      | Reached skill level 1 in Slings
  1839 | D:3      | Reached skill level 1 in Bows
  1839 | D:3      | Reached skill level 1 in Crossbows
  1839 | D:3      | Reached skill level 1 in Armour
  1839 | D:3      | Reached skill level 1 in Dodging
  1839 | D:3      | Reached skill level 1 in Stealth
  1839 | D:3      | Reached skill level 1 in Shields
  1845 | D:3      | Learned a level 3 spell: Mephitic Cloud
  2118 | D:3      | Reached XP level 4. HP: 18/38 MP: 11/11
  2315 | D:3      | Reached skill level 1 in Conjurations
  2315 | D:3      | Reached skill level 1 in Summonings
  2315 | D:3      | Reached skill level 1 in Necromancy
  2315 | D:3      | Reached skill level 1 in Translocations
  2315 | D:3      | Reached skill level 1 in Transmutations
  2315 | D:3      | Reached skill level 1 in Fire Magic
  2315 | D:3      | Reached skill level 1 in Ice Magic
  2315 | D:3      | Reached skill level 1 in Air Magic
  2315 | D:3      | Reached skill level 1 in Earth Magic
  2623 | D:3      | Found a faded altar of an unknown god.
  2688 | D:3      | Became a worshipper of Warmaster Okawaru
  2688 | D:3      | Reached * piety under Okawaru
  2945 | D:3      | Found an opulent altar of Gozag.
  3192 | D:4      | Found a transporter.
  3329 | D:4      | Found a transporter.
  3368 | D:4      | Reached XP level 5. HP: 36/43 MP: 12/12
  3446 | D:4      | Found a staircase to the Ecumenical Temple.
  3528 | D:4      | Found Vabakh's Armour Shoppe.
  3762 | D:4      | Reached XP level 6. HP: 36/50 MP: 13/13
  4351 | D:2      | Killed Natasha
  4352 | D:2      | Reached skill level 5 in Fighting
  4471 | D:4      | Found a glowing silver altar of Zin.
  4499 | D:4      | Reached ** piety under Okawaru
  4525 | D:4      | Reached XP level 7. HP: 52/56 MP: 15/15
  5032 | D:5      | Entered Level 5 of the Dungeon
  5233 | D:5      | Found Neomeh's Magic Scroll Shoppe.
  5414 | D:4      | Bought a +2 pair of gloves of strength for 258 gold pieces
  5451 | D:5      | Bought a scroll of identify for 26 gold pieces
  5665 | D:5      | Reached XP level 8. HP: 39/63 MP: 16/16
  6461 | D:5      | Noticed Jessica
  6465 | D:5      | Killed Jessica
  6465 | D:5      | Reached *** piety under Okawaru
  6471 | D:5      | Found a shimmering blue altar of Sif Muna.
  6581 | D:5      | Bought a scroll of identify for 26 gold pieces
  6895 | D:6      | Found a sacrificial altar of Ru.
  7006 | D:6      | Found an ancient bone altar of Kikubaaqudgha.
  7596 | D:6      | Found a burning altar of Makhleb.
  7629 | D:6      | Reached skill level 5 in Hexes
  7629 | D:6      | Reached XP level 9. HP: 69/69 MP: 18/18
  7633 | D:6      | Learned a level 3 spell: Conjure Flame
  8434 | D:7      | Reached skill level 5 in Throwing
  8434 | D:7      | Reached skill level 5 in Unarmed Combat
  8434 | D:7      | Reached skill level 5 in Evocations
  8922 | D:7      | Reached **** piety under Okawaru
  9390 | D:7      | Reached skill level 5 in Invocations
  9925 | D:8      | Reached XP level 10. HP: 72/77 MP: 20/20
 10385 | D:8      | Reached skill level 5 in Short Blades
 10385 | D:8      | Reached skill level 5 in Long Blades
 10385 | D:8      | Reached skill level 5 in Axes
 10385 | D:8      | Reached skill level 5 in Maces & Flails
 10385 | D:8      | Reached skill level 5 in Polearms
 10385 | D:8      | Reached skill level 5 in Staves
 10385 | D:8      | Reached skill level 5 in Slings
 10385 | D:8      | Reached skill level 5 in Bows
 10385 | D:8      | Reached skill level 5 in Crossbows
 10385 | D:8      | Reached skill level 5 in Armour
 10385 | D:8      | Reached skill level 5 in Dodging
 10385 | D:8      | Reached skill level 5 in Stealth
 10385 | D:8      | Reached skill level 5 in Shields
 10576 | D:9      | Noticed a two-headed ogre
 10587 | D:9      | Killed a two-headed ogre
 10587 | D:9      | Reached ***** piety under Okawaru
 10770 | D:9      | Noticed a five-headed hydra
 10928 | D:10     | Entered Level 10 of the Dungeon
 11329 | D:10     | Reached skill level 5 in Poison Magic
 11437 | D:10     | Received a gift from Okawaru
 11604 | D:10     | Noticed Urug
 11629 | D:10     | Slain by Urug

Illustrated notes

Levels and vault maps discovered:
D:1:      amcnicky_arrival_feature_with_door, layout_rooms, serial_forest,
          infiniplex_forest_straight_2, infiniplex_forest_corner_1,
          infiniplex_forest_clump_long, infiniplex_forest_diagonal,
          infiniplex_forest_end_double, patterned_corridor
D:2:      layout_loops_ring, uniq_natasha
D:3:      layout_basic, lemuel_crystal_altar, chequers_ecumenical_altar_island
D:4:      gammafunk_wand_slinger, layout_basic, zin_statuary,
          minmay_temple_entry_stoned_glass, serial_shops, shop,
          minmay_close_crescents
D:5:      layout_loops_ring, tgw_sif, serial_shops, shop
D:6:      layout_loops_cross, hangedman_ru_absence, kiku_gazebo_garden_becter,
          bloody_makhleb, lemuel_flame_loot_1
D:7:      layout_rooms
D:8:      layout_basic
D:9:      layout_basic, regret_index_temple_of_mockery, kennysheep_mini_moat,
          minmay_radiant
D:10:     cheibrodos_steamvent, layout_irregular_city, serial_shops,
          nicolae_shop_trees, uniq_urug

Skill      XL: |  1  2  3  4  5  6  7  8  9 10 |
---------------+-------------------------------+-----
Poison Magic   | 2 3 4 5 |  5.1
Spellcasting   | 5 6 7 |  7.5
Invocations    | 1 2 3 4 5 6 |  6.1
Short Blades   | 1 2 3 4 5 |  5.5
Long Blades    | 1 2 3 4 5 |  5.5
Axes           | 1 2 3 4 5 |  5.5
Maces & Flails | 1 2 3 4 5 |  5.5
Polearms       | 1 2 3 4 5 |  5.5
Staves         | 1 2 3 4 5 |  5.5
Slings         | 1 2 3 4 5 |  5.5
Bows           | 1 2 3 4 5 |  5.5
Crossbows      | 1 2 3 4 5 |  5.5
Armour         | 1 2 3 4 5 |  5.5
Dodging        | 1 2 3 4 5 |  5.5
Stealth        | 1 2 3 4 5 |  5.5
Shields        | 1 2 3 4 5 |  5.5
Conjurations   | 1 2 3 4 |  4.5
Summonings     | 1 2 3 4 |  4.5
Necromancy     | 1 2 3 4 |  4.5
Translocations | 1 2 3 4 |  4.5
Transmutations | 1 2 3 4 |  4.5
Fire Magic     | 1 2 3 4 |  4.5
Ice Magic      | 1 2 3 4 |  4.5
Air Magic      | 1 2 3 4 |  4.5
Earth Magic    | 1 2 3 4 |  4.5
Throwing       | 3 4 5 6 |  6.1
Unarmed Combat | 3 4 5 6 |  6.1
Evocations     | 3 4 5 6 |  6.1
Hexes          | 4 5 6 |  6.0
Fighting       | 5 6 7 |  7.2

Action                   |  1- 3 |  4- 6 |  7- 9 | 10-12 || total
-------------------------+-------+-------+-------+-------++-------
Melee: Club              |    30 |       |       |       ||    30
       Bite              |    20 |    24 |    90 |    24 ||   158
       Punch             |     1 |     3 |    16 |     1 ||    21
       Spear             |   138 |    22 |       |       ||   160
       Dagger            |       |   229 |   658 |       ||   887
       War axe           |       |       |   105 |   174 ||   279
Throw: Stone             |       |     3 |       |       ||     3
       Javelin           |       |    11 |    11 |       ||    22
       Boomerang         |       |       |    33 |     6 ||    39
       Dart              |       |       |    11 |     7 ||    18
 Cast: Magic Dart        |     7 |       |       |       ||     7
       Slow              |     1 |       |       |       ||     1
Invok: Heroism           |       |       |     1 |       ||     1
       Finesse           |       |       |       |     1 ||     1
Evoke: Wand              |       |       |       |    16 ||    16
  Use: Scroll            |     3 |     6 |     5 |     3 ||    17
       Potion            |       |     1 |     1 |       ||     2
 Stab: Sleeping          |     2 |       |       |       ||     2
       Distracted        |     1 |       |       |       ||     1
Armor: Robe              |    37 |     9 |       |       ||    46
       Chain mail        |       |    91 |   169 |       ||   260
       Plate armour      |       |       |   124 |   169 ||   293
Dodge: Dodged            |    95 |    66 |   235 |    91 ||   487
Block: Buckler           |       |       |       |    36 ||    36
